[Event "*** Titled Tuesday Blitz"]
[Site "Chess.com"]
[Date "2020.05.26"]
[Round "4"]
[White "RitvarsReimanis"]
[Black "Bubachess1608"]
[Result "1-0"]
[WhiteElo "2484"]
[BlackElo "2300"]
[TimeControl "180+1"]
[EndTime "10:39:24 PDT"]
[Termination "RitvarsReimanis won on time"]

1. d4 Nf6 2. c4 e6 3. Nf3 c5 4. d5 exd5 5. cxd5 d6 6. Nc3 g6 7. e4 Bg4 8. Qb3 Qb6 9. Nd2 Qxb3 10. axb3 Bd7 11. Nc4 Na6 12. Bg5 Ng4 13. h3 f6 14. Bd2 Ne5 15. Nxe5 fxe5 16. Rxa6 bxa6 17. Bxa6 Be7 18. Ke2 O-O 19. Ra1 Rab8 20. Bc4 Rb7 21. Ra6 Rfb8 22. f4 exf4 23. Bxf4 Kg7 24. Bxd6 Bxd6 25. Rxd6 Re8 26. Kd3 Bc8 27. Rc6 Rf7 28.
Rxc5 Rf2 29. e5 Bf5+ 30. Ke3 Rxg2 31. Rc7+ Kh6 32. e6 Rxb2 33. Nb5 Bxh3 34. Nd6 Rf8 35.
e7 Rb8 36. e8=Q Rxe8+ 37. Nxe8 Bf5 38. Nd6 a5 39. Ra7 Kg5 40. Rxh7 a4 41. bxa4 Kf6 42. Kd4 Rd2+ 43. Kc5 Ke5 44. Nxf5 gxf5 45. a5 f4 46. a6 f3 47. Re7+ Kf6 48. Re8 f2 49. a7 Rxd5+ 50. Kxd5 Kf5 51. Rf8+ 1-0

[Event "*** Titled Tuesday Blitz"]
[Site "Chess.com"]
[Date "2020.05.26"]
[Round "4"]
[White "MidnightFox"]
[Black "semchik73"]
[Result "1-0"]
[WhiteElo "2406"]
[BlackElo "2195"]
[TimeControl "180+1"]
[EndTime "10:39:25 PDT"]
[Termination "MidnightFox won by resignation"]

1. e4 Nf6 2. e5 Nd5 3. d4 d6 4.
exd6 exd6 5. Nf3 Be7 6. Be2 O-O 7. O-O Nc6 8. c3 Bf5 9. Na3 Bf6 10. Nc2 Re8 11. Ne3 Nxe3 12. Bxe3 Ne7 13. Re1 Nd5 14. Bd2 Qd7 15. Bc4 Nb6 16. Bb3 Bg4 17. Bf4 Qf5 18. Rxe8+ Rxe8 19. Bg3 Bxf3 20. Qxf3 Qxf3 21. gxf3 Re2 22.
Rb1 a5 23. Kf1 Re8 24. Re1 Rxe1+ 25. Kxe1 a4 26. Bc2 Nc4 27. Bxa4 Nxb2 28. Bb5 c5 29. Bxd6 cxd4 30. c4 Nd3+ 31. Ke2 Nc1+ 32. Kd2 Nxa2 33. Bd7 Nc3 34. Bc8 b6 35. Bc7 Na4 36.
Bd7 Nc5 37. Bc6 Nb3+ 38. Kd1 Na5 39. Bd5 Be7 40. Bxb6 Nb3 41. Kc2 Bc5 42. Bc7 d3+ 43. Kxb3 Bd4 44. Bf4 Kf8 45. Be4 Bxf2 46. Bxd3 Bc5 47.
Bd2 Ke8 48. Bb4 Bg1 49. h3 h6 50. c5 Kd7 51. Kc4 Kc6 52. Be4+ Kc7 53. Ba5+ Kc8 54.
Kd5 g6 55. Kc6 f5 56. Bd5 g5 57. Be6+ Kb8 58. Kd6 Bh2+ 59. Kd7 g4 60. hxg4 fxg4 61. Bxg4 Bf4 62. c6 Ka7 63. c7 Bxc7 64. Bxc7 Kb7 65.
Bf4 Kb6 66. Bxh6 1-0

[Event "*** Titled Tuesday Blitz"]
[Site "Chess.com"]
[Date "2020.05.26"]
[Round "4"]
[White "Leonid_Starozhilov"]
[Black "StockholmMissile"]
[Result "1-0"]
[WhiteElo "2670"]
[BlackElo "2407"]
[TimeControl "180+1"]
[EndTime "10:39:26 PDT"]
[Termination "Leonid_Starozhilov won by resignation"]

1. e4 e5 2. Nf3 Nc6 3. Bc4 Bc5 4.
d3 Nf6 5. c3 a6 6. Bb3 Ba7 7. Nbd2 O-O 8. O-O d6 9. h3 Ne7 10. Re1 Ng6 11. Nf1 h6 12. Ng3 Be6 13. Be3 Bxb3 14. Qxb3 Bxe3 15. fxe3 Rb8 16. Nf5 d5 17.
Nd2 dxe4 18. Nxe4 Nxe4 19. dxe4 Nh4 20. Rf1 Nxf5 21. Rxf5 Qe7 22. Raf1 c6 23. a4 Rbd8 24. Qc4 Rd7 25. a5 Kh8 26. Qe2 f6 27. Qh5 Qc5 28. R1f3 Qxa5 29. Kh2 Qc5 30. Qg6 Qe7 31. h4 Qe8 32. Qg4 a5 33. h5 a4 34. Rf2 b5 35.
Qe2 Qe7 36. Qg4 Rfd8 37. Qg6 Rd2 38. R2f3 Rxb2 39. Rxf6 gxf6 40. Qxh6+ Kg8 41. Rg3+ Kf7 42. Rg7+ Ke6 43. Rxe7+ Kxe7 44. Qg7+ Ke6 45. h6 a3 46. h7 a2 47. Qg8+ Rxg8 48. hxg8=Q+ Kd6 49. Qa8 Kc5 50. Qa3+ b4 51. Qxb2 1-0

[Event "*** Titled Tuesday Blitz"]
[Site "Chess.com"]
[Date "2020.05.26"]
[Round "4"]
[White "TrenerChos"]
[Black "kagg1125"]
[Result "0-1"]
[WhiteElo "2372"]
[BlackElo "2598"]
[TimeControl "180+1"]
[EndTime "10:39:26 PDT"]
[Termination "kagg1125 won on time"]

1. e4 e5 2. Nf3 Nc6 3. Bb5 a6 4.
Ba4 Nf6 5. O-O Bc5 6. Re1 b5 7. Bb3 d6 8. c3 O-O 9. h3 Bb6 10. d3 h6 11. Nbd2 Bb7 12. Nf1 Ne7 13. Be3 c5 14. a4 Ng6 15. Ng3 d5 16. exd5 Bxd5 17. Nf5 Bxb3 18. Qxb3 Qxd3 19. Ng3 c4 20. Qa2 Bxe3 21.
Rxe3 Qd5 22. Nf5 Rfe8 23. Ree1 Nf4 24. axb5 Nxh3+ 25. gxh3 Qxf3 26. Ne3 axb5 27. Qb1 Rxa1 28. Qxa1 Ne4 29. Ng4 Ng5 30. Re3 Nxh3+ 31. Kh2 Qxg4 32. Rxh3 Re6 33. Qa8+ Kh7 34. Rg3 Qh4+ 35. Kg2 e4 36. Qd5 Rg6 37. Qxf7 Rxg3+ 38. fxg3 Qf6 39. Qd5 e3 40. Qe4+ Qg6 41. Qxe3 Qc2+ 42. Kh3 Qf5+ 43. Kg2 h5 0-1

[Event "*** Titled Tuesday Blitz"]
[Site "Chess.com"]
[Date "2020.05.26"]
[Round "4"]
[White "Meri-Arabidze"]
[Black "gliglu"]
[Result "0-1"]
[WhiteElo "2575"]
[BlackElo "2384"]
[TimeControl "180+1"]
[EndTime "10:39:26 PDT"]
[Termination "gliglu won on time"]

1. d4 g6 2. c4 Bg7 3. g3 d6 4. Bg2 Nf6 5. Nf3 O-O 6. O-O c6 7. Nc3 a6 8. e4 b5 9. e5 Nfd7 10. cxb5 axb5 11. e6 fxe6 12. Ng5 Nb6 13. Qe2 e5 14.
dxe5 Bxe5 15. Be3 b4 16. Nce4 Nd5 17. Bc1 Na6 18. f4 Bd4+ 19. Kh1 Nac7 20. Rd1 Bg7 21. Qc2 Bd7 22. Bd2 e5 23. fxe5 dxe5 24. Nxh7 Kxh7 25. Ng5+ Kg8 26. Qxg6 Bf5 27. Qh5 Qe8 28. Qh4 Qg6 29. Rf1 Rae8 30. Rxf5 Rxf5 31. Be4 Bf6 32. g4 Bxg5 33.
Bxf5 Bxh4 34. Bxg6 Rf8 35. Bf5 Kg7 36. Rc1 Rf6 37.
Kg2 Rd6 38. Kh3 Bf6 39. g5 Be7 40. Kg4 Ne6 41. h4 Nd4 42. Be4 Ne2 43. h5 Nxc1 44.
h6+ Kh8 45. Bxc1 Nf4 46. Bxf4 exf4 47. g6 Bf6 48. Kxf4 Bxb2 49. Kf5 c5 50. Kg5 c4 51. Bf5 Bd4 0-1

[Event "*** Titled Tuesday Blitz"]
[Site "Chess.com"]
[Date "2020.05.26"]
[Round "4"]
[White "jonaszmb"]
[Black "quesfr"]
[Result "1-0"]
[WhiteElo "2477"]
[BlackElo "2297"]
[TimeControl "180+1"]
[EndTime "10:39:26 PDT"]
[Termination "jonaszmb won by resignation"]

1. d4 d5 2. c4 e6 3. Nf3 Nf6 4.
g3 Be7 5. Bg2 O-O 6. O-O dxc4 7.
Nc3 c5 8. dxc5 Bxc5 9. Ne5 Nbd7 10. Nxc4 Nb6 11. Nxb6 Bxb6 12. Bg5 h6 13. Qxd8 Rxd8 14.
Bxf6 gxf6 15. Rfd1 Rb8 16. Rxd8+ Bxd8 17. Rd1 Bb6 18. Ne4 f5 19. Nd6 Bc7 20. Nb5 Bb6 21.
b4 Kf8 22. a4 a5 23. bxa5 Bxa5 24. Nd6 Bd7 25. Nxb7 Bxa4 26. Ra1 Bb5 27. Nxa5 Bxe2 28. Nc6 Rb2 29. Nd4 Bc4 30. h4 Ra2 31. Rxa2 Bxa2 32. Kf1 Kg7 33. Ke2 Kf6 34. Ke3 Bc4 35. Nc6 Ba2 36.
Kf4 Bc4 37. Ne5 Ba2 38. Bc6 Bb3 39. Be8 Ba2 40. Bxf7 Bb3 41. Be8 Bd1 42. Bb5 Bc2 43. Bc4 Bd1 44. Nd7+ Ke7 45. Nc5 Kf6 46. Nxe6 Bc2 47.
Nd4 Bb1 48. Bb5 Kg6 49. Bd7 Kh5 50. Bxf5 Bd3 51. g4+ Kxh4 52. Bxd3 1-0

[Event "*** Titled Tuesday Blitz"]
[Site "Chess.com"]
[Date "2020.05.26"]
[Round "4"]
[White "Future2700"]
[Black "Chessacademia"]
[Result "1/2-1/2"]
[WhiteElo "2422"]
[BlackElo "2260"]
[TimeControl "180+1"]
[EndTime "10:39:26 PDT"]
[Termination "Game drawn by repetition"]

1. e4 e6 2. d4 d5 3. Nd2 Nf6 4. e5 Nfd7 5. Bd3 c5 6. c3 Nc6 7. Ne2 f6 8. Nf4 Qe7 9. Qh5+ Kd8 10. Nf3 fxe5 11. dxe5 Qe8 12. Qh4+ Kc7 13. Bb5 Kb6 14. Bxc6 bxc6 15. b4 cxb4 16. Be3+ Kc7 17. Rc1 b3 18. axb3 h6 19. c4 g5 20. Nxg5 Bb4+ 21. Ke2 hxg5 22. Qxg5 Rg8 23. Qh4 Kb8 24. cxd5 cxd5 25. Nxd5 Ba6+ 26.
Kd1 Ba5 27. Nf6 Nxf6 28. exf6 Qd8+ 29. Kc2 Qd3+ 30. Kb2 Rc8 31. Rhd1 Qe2+ 32. Ka1 Bc3+ 33. Rxc3 Qxd1+ 34. Kb2 Qe2+ 35. Ka3 Rxc3 36. Qb4+ Qb5 37. Qxc3 Kb7 38. f7 Rc8 39. Qxc8+ Kxc8 40. f8=Q+ Kd7 41. Qf7+ Kd6 42. Qxa7 Qa5+ 43. Kb2 Qe5+ 44. Ka3 Qa5+ 45. Kb2 Qe5+ 46. Kc1 Qc3+ 47. Kd1 Qxb3+ 48. Kd2 Qd3+ 49. Kc1 Qc3+ 50. Kd1 Qb3+ 51. Kc1 Qa3+ 52. Kd2 Qa2+ 53. Kd1 Qe2+ 54. Kc1 Qc4+ 55. Kb2 Qb4+ 56. Kc1 Qc3+ 57. Kd1 Qd3+ 58. Kc1 Qc3+ 1/2-1/2

[Event "*** Titled Tuesday Blitz"]
[Site "Chess.com"]
[Date "2020.05.26"]
[Round "4"]
[White "mbachez"]
[Black "iwanyu"]
[Result "1/2-1/2"]
[WhiteElo "2536"]
[BlackElo "2778"]
[TimeControl "180+1"]
[EndTime "10:39:27 PDT"]
[Termination "Game drawn by stalemate"]

1. e4 e5 2. Nf3 Nc6 3. Bb5 a6 4. Ba4 d6 5. d3 Bd7 6. O-O g6 7.
c3 Bg7 8. Re1 Nf6 9. Nbd2 O-O 10. Nf1 Re8 11. Bb3 Na5 12. Bc2 c5 13. Bg5 b5 14.
Ne3 h6 15. Bh4 Be6 16. a4 b4 17. d4 bxc3 18. bxc3 exd4 19. cxd4 g5 20. Bg3 Nh5 21.
Rb1 Nxg3 22. hxg3 Rb8 23. Qd2 Rxb1 24. Rxb1 Nc4 25. Nxc4 Bxc4 26. d5 f5 27. exf5 Re2 28.
Qd1 g4 29. Nd2 Bd4 30. Nxc4 Rxf2 31. Qxd4 cxd4 32. Kxf2 d3 33. Bxd3 Qc7 34. Ne3 Qc5 35. f6 Kf7 36. Ke2 Kxf6 37. Nxg4+ Kg5 38. Ne3 Qc3 39. Rf1 h5 40. Rf5+ Kh6 41. Rf7 Qb2+ 42.
Bc2 Qc3 43. Re7 Qb2 44. Re6+ Kg7 45. Rxd6 a5 46. Rd7+ Kf8 47. d6 Qc3 48. Rh7 Ke8 49. d7+ Kd8 50. Bf5 Qb2+ 51. Kf3 h4 52. gxh4 Qd4 53.
Rf7 Qd5+ 54. Nxd5 1/2-1/2

[Event "*** Titled Tuesday Blitz"]
[Site "Chess.com"]
[Date "2020.05.26"]
[Round "4"]
[White "DaggiGretarsson"]
[Black "UCantHandleDenker"]
[Result "1-0"]
[WhiteElo "2622"]
[BlackElo "2455"]
[TimeControl "180+1"]
[EndTime "10:39:27 PDT"]
[Termination "DaggiGretarsson won on time"]

1. d4 Nf6 2. c4 d6 3. Nc3 Nbd7 4.
e4 e5 5. Nf3 Be7 6. Be2 O-O 7.
O-O c6 8. Rb1 a6 9. b4 Qc7 10. Qc2 Re8 11. Rd1 Bf8 12. h3 h6 13.
Be3 exd4 14. Nxd4 c5 15. bxc5 Nxc5 16. f3 Bd7 17. Nb3 b6 18. Qd2 Bc6 19. Nd4 Bd7 20. Bf4 Rad8 21. Rb2 Ne6 22. Nxe6 Bxe6 23. Nd5 Bxd5 24.
cxd5 b5 25. Rc2 Qb6+ 26. Be3 Qb7 27. Rdc1 Rc8 28. Rc6 Nd7 29. Qa5 Nc5 30. Bxc5 dxc5 31. Qxa6 Qxa6 32. Rxa6 c4 33. a4 Ba3 34. Rc2 Bc5+ 35.
Kf1 bxa4 36. Rxa4 Rb8 37. Bxc4 Rb1+ 38. Ke2 Reb8 39. f4 Rg1 40. Kf3 Rbb1 41. e5 Bd4 42. d6 Rbe1 43. Ra3 g5 44. d7 Bb6 45. Rb3 Bc7 46.
Bxf7+ Kxf7 47. Rxc7 Rgf1+ 48. Kg3 gxf4+ 49. Kh4 Ke7 50. Rb8 1-0

[Event "*** Titled Tuesday Blitz"]
[Site "Chess.com"]
[Date "2020.05.26"]
[Round "4"]
[White "SerGo055"]
[Black "Pavalamalli"]
[Result "1/2-1/2"]
[WhiteElo "2574"]
[BlackElo "2289"]
[TimeControl "180+1"]
[EndTime "10:39:27 PDT"]
[Termination "Game drawn by agreement"]

1. d4 Nf6 2. Nf3 e6 3. c4 c5 4. e3 cxd4 5. exd4 d5 6. Nc3 Be7 7. Bg5 O-O 8. a3 h6 9. Bh4 b6 10. Rc1 Bb7 11. Bg3 Nbd7 12. Bd3 dxc4 13. Bxc4 Rc8 14. Bd3 Nd5 15. Ne4 Rxc1 16. Qxc1 N7f6 17. O-O Nxe4 18. Bxe4 Nc3 19. Qxc3 Bxe4 20. Ne5 Bf6 21. Re1 Bd5 22. Rc1 Ba8 23. f3 Qd5 24. Bf2 Bb7 25. Qc7 Bxe5 26. Qxe5 Qxe5 27. dxe5 Rc8 28. Rd1 Bd5 29. Bd4 Rc2 30. Bc3 b5 31. Rd2 Rxd2 32. Bxd2 Kf8 33. Kf2 Ke7 34. Ke3 Kd7 35. Kd4 Kc6 36. Bb4 h5 37. h4 g6 38. Ke3 a6 39. Kf4 Kd7 40. Kg5 Ke8 41. Bc5 Bc6 42. Kf4 Bd5 43. g4 Bc6 44. gxh5 gxh5 45. Ke3 Bd5 46.
f4 Kd7 47. Kd4 Kc6 48. Bd6 Bf3 49. f5 exf5 50. Ke3 Bg4 51. Kf4 Kd7 52. Bb4 Ke6 53. Bc3 1/2-1/2

[Event "*** Titled Tuesday Blitz"]
[Site "Chess.com"]
[Date "2020.05.26"]
[Round "4"]
[White "BikingBrian"]
[Black "Herracek"]
[Result "1/2-1/2"]
[WhiteElo "2253"]
[BlackElo "2569"]
[TimeControl "180+1"]
[EndTime "10:39:27 PDT"]
[Termination "Game drawn - insufficient material"]

1. d4 Nf6 2. Bg5 Ne4 3. Bf4 d5 4. f3 Nf6 5. e4 dxe4 6. Nc3 Nc6 7. d5 e5 8. dxe6 Bxe6 9. Qxd8+ Rxd8 10. Bxc7 Rc8 11.
Bg3 Bb4 12. O-O-O Bxc3 13. bxc3 Bxa2 14. fxe4 O-O 15. Kb2 Nxe4 16. Bd3 Bd5 17. c4 Nxg3 18. hxg3 Bxg2 19. Bxh7+ Kh8 20. Rh2 g6 21. Bxg6+ Kg7 22. Bd3 Ne5 23. Rxg2 Nxc4+ 24. Bxc4 Rxc4 25. Nf3 Rb4+ 26. Kc1 a5 27. Rd4 Rb5 28. Rg4+ Kf6 29. Nd4 Rd5 30.
Rf2+ Ke7 31. Re4+ Kd7 32. Rf5 Kd6 33. Nb5+ Kc5 34. Rxd5+ Kxd5 35. Nc3+ Kc5 36. Re5+ Kb6 37. Rb5+ Ka6 38. Kb2 Rg8 39. Rf5 Rxg3 40. Rf6+ b6 41.
Nd5 Rg5 42. Nc7+ Kb7 43. Rxf7 Kc6 44. Ne6 Rb5+ 45. Kc1 Re5 46. Nd4+ Kc5 47. Nb3+ Kb4 48. Rf4+ Ka3 49. Kd2 a4 50. Nd4 b5 51. Kc3 b4+ 52.
Kc4 b3 53. Nb5+ Rxb5 54. Kxb5 bxc2 55. Rc4 Kb3 56. Rxc2 Kxc2 57. Kxa4 1/2-1/2

[Event "*** Titled Tuesday Blitz"]
[Site "Chess.com"]
[Date "2020.05.26"]
[Round "4"]
[White "JLRHei"]
[Black "GMartin_Petrov"]
[Result "1-0"]
[WhiteElo "2328"]
[BlackElo "2565"]
[TimeControl "180+1"]
[EndTime "10:39:27 PDT"]
[Termination "JLRHei won on time"]

1. d4 Nf6 2. c4 e6 3. Nf3 b6 4. g3 Ba6 5. b3 Bb4+ 6. Bd2 Be7 7.
Bg2 O-O 8. O-O d5 9. Ne5 c5 10. Be3 Bb7 11. Nd2 Nbd7 12. Nxd7 Qxd7 13. Nf3 dxc4 14.
Ne5 Qc7 15. Bxb7 Qxb7 16. dxc5 Nd5 17. c6 Qc7 18. Bd4 cxb3 19. axb3 Rfd8 20. Qc1 f6 21.
Nd3 Rac8 22. Ra4 a5 23. e4 Nb4 24. Nxb4 Bxb4 25. Qe3 Qxc6 26. Bxb6 Rd6 27. Bxa5 Bc5 28. Qe2 Ra8 29. Rfa1 Bd4 30. b4 Bxa1 31. Rxa1 Rb8 32. Qe3 h6 33. Rc1 Qb5 34. Bc7 Rdd8 35. Bxd8 Rxd8 36.
Qc5 Qd3 37. Qc4 Qd2 38. Qxe6+ Kh8 39. Qc4 Qb2 40. b5 Rd2 41. Qc5 Rxf2 42. Qxf2 Qxc1+ 43. Kg2 Qc4 44. b6 Qxe4+ 45. Kh3 Qb4 46. Kg2 Kh7 47.
Kh3 g6 48. Qxf6 h5 49. Qf7+ Kh6 50. b7 Qb1 51. Qf8+ Kg5 52. b8=Q 1-0

[Event "*** Titled Tuesday Blitz"]
[Site "Chess.com"]
[Date "2020.05.26"]
[Round "4"]
[White "Chepaschess"]
[Black "ChessTraining77"]
[Result "1-0"]
[WhiteElo "2804"]
[BlackElo "2530"]
[TimeControl "180+1"]
[EndTime "10:39:28 PDT"]
[Termination "Chepaschess won on time"]

1. Nf3 d5 2. d4 Nf6 3. c4 c6 4. e3 Bf5 5. Nc3 e6 6. Nh4 Bg6 7. Qb3 Qc7 8. Nxg6 hxg6 9. g3 Nbd7 10. Bg2 Nb6 11. cxd5 exd5 12. O-O Be7 13. a4 Nc8 14.
e4 dxe4 15. Nxe4 O-O 16. a5 Nd6 17. Bf4 Rad8 18. Nc5 Rb8 19. Rfe1 Rfd8 20. Rac1 Bf8 21. Qa4 a6 22. b4 Qc8 23. Red1 Qf5 24. Qb3 Nd7 25. Rd3 g5 26. Bd2 Nxc5 27. Rxc5 Qg6 28. Rxg5 Qf6 29. d5 Nb5 30. dxc6 bxc6 31. Be3 Rxd3 32. Qxd3 Bxb4 33. h4 Bf8 34. Bf4 Rd8 35. Qc4 c5 36. Bd5 Nc7 37. Bf3 Ne6 38. Rg4 Nd4 39.
Bg2 Re8 40. Bg5 Qe6 41. Qxe6 Nxe6 42. Re4 Rd8 43. Bxd8 Nxd8 44. Re8 Ne6 45. Bd5 Nd4 46. Rd8 c4 47. Bxc4 Nc6 48. Rc8 Nxa5 49. Bd5 g6 50. Ra8 1-0

[Event "*** Titled Tuesday Blitz"]
[Site "Chess.com"]
[Date "2020.05.26"]
[Round "4"]
[White "Kirill_Klukin"]
[Black "JoySpaceman"]
[Result "1-0"]
[WhiteElo "2702"]
[BlackElo "2501"]
[TimeControl "180+1"]
[EndTime "10:39:29 PDT"]
[Termination "Kirill_Klukin won by resignation"]

1. d4 Nf6 2. Nf3 e6 3. e3 c5 4.
Bd3 Be7 5. O-O O-O 6. c4 cxd4 7. exd4 d5 8. Nc3 dxc4 9. Bxc4 Nbd7 10. Bg5 Nb6 11.
Bb3 h6 12. Bh4 a5 13. Rc1 Bd7 14. Ne5 a4 15. Bc2 Nbd5 16. Nxd5 Nxd5 17. Qd3 f5 18.
Bxe7 Nxe7 19. Rfe1 Ra5 20. Bd1 Rd5 21. Bf3 Bb5 22. Qe3 Rxd4 23. Bxb7 f4 24. Qa3 Nf5 25.
Qc5 Be8 26. Bc8 Rd6 27. Nc4 Rc6 28. Bxe6+ Rxe6 29. Rxe6 Qg5 30. Nd6 f3 31. g3 Bg6 32.
h4 Qg4 33. Qc4 Qh3 34. Qf1 Qg4 35. Nxf5 Bxf5 36. Re3 Kh8 37. Rce1 Bg6 38. Re5 Bf5 39. R5e3 Bg6 40. b3 Kh7 41. Re7 axb3 42. axb3 Bc2 43. Rc7 Bxb3 44. Ree7 Rg8 45. Qd3+ Kh8 46. Qxb3 Qd4 47. Qxf3 Qa1+ 48. Kg2 Qd4 49. Rf7 Qe5 50.
Rce7 Qd4 51. Qe4 1-0

[Event "*** Titled Tuesday Blitz"]
[Site "Chess.com"]
[Date "2020.05.26"]
[Round "4"]
[White "Norival"]
[Black "kingnb"]
[Result "1-0"]
[WhiteElo "2652"]
[BlackElo "2475"]
[TimeControl "180+1"]
[EndTime "10:39:29 PDT"]
[Termination "Norival won on time"]

1. d4 d6 2. e4 Nf6 3. Nc3 e5 4.
Nge2 exd4 5. Nxd4 Be7 6. g3 O-O 7. Bg2 Nc6 8. O-O Re8 9. h3 Bf8 10. Re1 Bd7 11. Be3 g6 12. f4 Bg7 13. Qd2 Nxd4 14.
Bxd4 c5 15. Bf2 Bc6 16. Rad1 Bf8 17. e5 dxe5 18. fxe5 Qxd2 19. Rxd2 Bxg2 20. Kxg2 Nh5 21. Rd7 b6 22. Kf3 Re7 23. Rxe7 Bxe7 24. Nd5 Kf8 25.
Be3 Bd8 26. Bh6+ Kg8 27. Rd1 Ng7 28. g4 Ne6 29. c3 Rb8 30. Nf6+ Bxf6 31. exf6 Rb7 32.
Ke4 Rc7 33. Rd6 Rb7 34. Kd5 Rc7 35. Kc4 Rb7 36. Kb5 Rc7 37. b3 c4 38. b4 g5 39.
a4 Rc8 40. Ka6 Rc7 41. Bxg5 h5 42. Be3 hxg4 43. hxg4 Kh7 44. a5 bxa5 45. bxa5 Kg6 46. Bxa7 Kxf6 47. Bb6 Rc8 48. Kb7 1-0

[Event "*** Titled Tuesday Blitz"]
[Site "Chess.com"]
[Date "2020.05.26"]
[Round "4"]
[White "PavelShkapenko"]
[Black "bilelou"]
[Result "0-1"]
[WhiteElo "2669"]
[BlackElo "2501"]
[TimeControl "180+1"]
[EndTime "10:39:30 PDT"]
[Termination "bilelou won by resignation"]

1. e4 c5 2. c3 Qa5 3. Nf3 Nc6 4. a3 d6 5. d4 Nf6 6. b4 Qc7 7. Bd3 e5 8. bxc5 dxc5 9. d5 Nb8 10. O-O Bd6 11.
Nbd2 O-O 12. Nc4 Nbd7 13. a4 Ne8 14. Be3 g6 15. Bh6 Ng7 16. Nxd6 Qxd6 17. Nd2 f5 18.
Nc4 Qf6 19. f4 exf4 20. Bxf4 Qxc3 21. e5 Qd4+ 22. Kh1 Qxd5 23. Nd6 Kh8 24. Bc4 Qxd1 25. Raxd1 Nb8 26. Nf7+ Kg8 27. Nh6+ Kh8 28. Nf7+ Kg8 29.
Nd6+ Kh8 30. Nxc8 Rxc8 31. e6 Nc6 32. Rd7 Re8 33. Bg5 Ne5 34. Bf6 Nxd7 35. exd7 Red8 36. Rd1 h6 37. Rd6 Kh7 38. Bd5 Rab8 39. h4 b6 40. Bc6 Kg8 41. Bd5+ Kf8 42. Bb2 b5 43. Bc6 bxa4 44. Bc3 a3 45. Rxg6 Nh5 46. Rxh6 Ng3+ 47. Kh2 Nf1+ 48. Kh3 Rb3 49. Rh8+ Ke7 50. Re8+ Kd6 51.
g4 Rxc3+ 52. Kg2 Ne3+ 53. Kf2 Nxg4+ 54. Ke2 Kc7 55. h5 Re3+ 56. Rxe3 Nxe3 57. Kxe3 a2 0-1

[Event "*** Titled Tuesday Blitz"]
[Site "Chess.com"]
[Date "2020.05.26"]
[Round "4"]
[White "El_ultimo_Pablo"]
[Black "barbara25"]
[Result "1-0"]
[WhiteElo "2407"]
[BlackElo "2203"]
[TimeControl "180+1"]
[EndTime "10:39:30 PDT"]
[Termination "El_ultimo_Pablo won by resignation"]

1. d4 d5 2. c4 c6 3. Nf3 Nf6 4.
Nc3 e6 5. Bg5 Be7 6. e3 Nbd7 7.
Rc1 O-O 8. Qc2 b6 9. cxd5 cxd5 10. Bd3 Bb7 11. O-O Rc8 12. Rfd1 Ne4 13. Bxe7 Qxe7 14. Qb3 f5 15. Ne2 Ndf6 16. h3 h6 17. Ne5 Kh7 18.
a3 Nd7 19. Qb4 Qxb4 20. axb4 Nxe5 21. dxe5 Ng5 22. Nd4 Rfe8 23. Bb5 Rxc1 24. Rxc1 Rc8 25. Rxc8 Bxc8 26. Be8 Kg8 27. Nc6 Kf8 28. Nxa7 Kxe8 29. Nxc8 b5 30. Nd6+ Ke7 31. Nxb5 Ne4 32. Nd4 Kd7 33.
b5 Nc5 34. Kf1 Ne4 35. Ke2 Nc5 36. b3 Kc7 37. f3 Kb6 38. b4 Nd7 39. f4 Nf8 40. g4 g6 41. Kd3 h5 42. g5 Kb7 43.
Kc3 Kb6 44. Kb3 Kb7 45. Ka4 Kb6 46. Ka3 Kb7 47. Kb3 Kb6 48. Ka4 Kb7 49. Ka5 Ka7 50. b6+ Kb7 51. Kb5 Nd7 52. Nxe6 Nxb6 53. Nf8 Nc4 54. Kc5 Nxe3 55. Kd4 Ng2 56. Nxg6 Nxf4 57. Nxf4 1-0

[Event "*** Titled Tuesday Blitz"]
[Site "Chess.com"]
[Date "2020.05.26"]
[Round "4"]
[White "alekschess100"]
[Black "miroslavsavic"]
[Result "0-1"]
[WhiteElo "2227"]
[BlackElo "2054"]
[TimeControl "180+1"]
[EndTime "10:39:30 PDT"]
[Termination "miroslavsavic won on time"]

1. d4 Nf6 2. Nf3 e6 3. Bg5 c5 4. e3 Qb6 5. Qc1 Nc6 6. c3 Ne4 7. Bf4 d5 8. Nbd2 f5 9. Be2 Be7 10. O-O O-O 11. Ne5 Nxe5 12. Bxe5 Bd6 13. f4 Bxe5 14.
fxe5 Bd7 15. Nxe4 fxe4 16. Qd2 Bb5 17. Rxf8+ Rxf8 18. Rf1 Rxf1+ 19. Bxf1 Bxf1 20. Kxf1 cxd4 21. cxd4 Qa6+ 22. Kf2 Qxa2 23. Qb4 Qa6 24. Qe7 h6 25. h4 Qc6 26. h5 a5 27. Kg3 a4 28. Kf4 b5 29. g4 Kh7 30. Qf7 Qc1 31. Qg6+ Kg8 32. Qxe6+ Kh8 33. Qe8+ Kh7 34. Qg6+ Kh8 35. e6 Qc7+ 36.
Kf5 Qd8 37. Ke5 b4 38. Qf7 a3 39. bxa3 bxa3 40. e7 Qc7+ 41. Kf5 Qd7+ 42. Ke5 Qc7+ 43. Kxd5 Qb7+ 44. Ke5 Qc7+ 45. Kf5 Qd7+ 46. Kf4 Qd6+ 47.
Kxe4 Qc6+ 48. Qd5 Qc2+ 49. Ke5 Qh2+ 0-1

[Event "*** Titled Tuesday Blitz"]
[Site "Chess.com"]
[Date "2020.05.26"]
[Round "4"]
[White "angryhorse9"]
[Black "VishnuPrasanna"]
[Result "0-1"]
[WhiteElo "2469"]
[BlackElo "2642"]
[TimeControl "180+1"]
[EndTime "10:39:32 PDT"]
[Termination "VishnuPrasanna won by resignation"]

1. e4 c5 2. Nc3 d6 3. f4 Nc6 4.
Nf3 e6 5. d4 cxd4 6. Nxd4 Nf6 7. Be3 Be7 8. Qf3 a6 9. O-O-O Qc7 10. Be2 h5 11. h3 h4 12. g4 hxg3 13. Qxg3 g6 14. f5 gxf5 15. Nxc6 bxc6 16. exf5 e5 17. Bc4 Rb8 18. Qg7 Rf8 19. Bg5 Nh5 20. Bxf7+ Rxf7 21. Qh8+ Bf8 22. Qxh5 Bxf5 23. Rhf1 Qd7 24. Rd2 Qe6 25. Rdf2 Qg6 26. Qh4 d5 27. Bd2 Rb4 28. Qh8 Qe6 29. a3 Rc4 30. Bh6 d4 31. Bxf8 Rxf8 32. Qh5+ Kd7 33.
Ne4 Bxe4 34. Rxf8 Rxc2+ 35. Kd1 Kc7 36. Qf7+ Qxf7 37. R8xf7+ Kb6 38. R7f2 Rc5 39. h4 Bd5 40. h5 e4 41. h6 e3 42. h7 Bb3+ 43. Ke2 Bc4+ 44.
Kf3 Rh5 45. Kg4 Rxh7 46. Rf4 Bxf1 0-1

[Event "*** Titled Tuesday Blitz"]
[Site "Chess.com"]
[Date "2020.05.26"]
[Round "4"]
[White "KNVB"]
[Black "Ranindu2003"]
[Result "1-0"]
[WhiteElo "2780"]
[BlackElo "2523"]
[TimeControl "180+1"]
[EndTime "10:39:34 PDT"]
[Termination "KNVB won on time"]

1. b3 Nf6 2. Bb2 e6 3. Nf3 b6 4. g3 Bb7 5. Bg2 Be7 6. O-O O-O 7. c4 c5 8. d4 cxd4 9. Qxd4 Nc6 10. Qd2 d5 11.
cxd5 Qxd5 12. Nc3 Qxd2 13. Nxd2 Rfd8 14. Nc4 Rac8 15. Rfd1 Ba8 16. Nb5 Nd5 17. e4 Nc7 18.
Nbd6 Rb8 19. e5 b5 20. Ne3 Nb4 21. Rac1 Nbd5 22. Nxd5 Nxd5 23. Bd4 a6 24. Bc5 Bxd6 25. Bxd6 Rbc8 26. Bf1 f6 27. Bd3 fxe5 28. Bxe5 g6 29. f4 b4 30. Rxc8 Rxc8 31. Bc4 Kf7 32. Rd2 a5 33.
Kf2 Nb6 34. Be2 Bd5 35. Bd3 Nd7 36. Bd4 Nf6 37. Rc2 Rxc2+ 38. Bxc2 Ne4+ 39. Ke3 Nc3 40. Bxc3 bxc3 41. Kd4 Bg2 42. Kxc3 e5 43. fxe5 Ke6 44. Kd4 Bb7 45. Bd3 Bc6 46. h4 Be8 47. a3 1-0

[Event "*** Titled Tuesday Blitz"]
[Site "Chess.com"]
[Date "2020.05.26"]
[Round "4"]
[White "m_ezat"]
[Black "Aygehovit1992"]
[Result "0-1"]
[WhiteElo "2488"]
[BlackElo "2689"]
[TimeControl "180+1"]
[EndTime "10:39:34 PDT"]
[Termination "Aygehovit1992 won on time"]

1. d4 d6 2. c4 g6 3. Nc3 Bg7 4.
e4 Nc6 5. d5 Nd4 6. Be3 e5 7.
Nge2 Nxe2 8. Bxe2 h5 9. c5 Bh6 10. Qd2 Bxe3 11. Qxe3 Nf6 12. cxd6 cxd6 13. Bb5+ Kf8 14. h3 Kg7 15. O-O h4 16. f4 Nh5 17.
fxe5 dxe5 18. Kh2 Nf4 19. Ne2 g5 20. Rac1 Rh6 21. Qc3 Qf6 22. d6 Nxe2 23. Bxe2 Qxd6 24. Rcd1 Qe7 25. Bc4 f6 26. Bb3 Rh8 27. Rf2 Rf8 28.
Rfd2 g4 29. Rd6 g3+ 30. Kg1 a5 31. Ba4 Rf7 32. Bb3 Rf8 33. Ba4 b5 34. Bxb5 Ra7 35.
Qc5 Rc7 36. Qe3 Be6 37. Bf1 Rc2 38. b3 Rfc8 39. Bc4 R8xc4 40. bxc4 Rxc4 41. Qf3 Rd4 42. R6xd4 exd4 43. Qh5 Qa7 44. Qxh4 d3+ 45. Kh1 Qe3 46. Rb1 d2 47. Rb7+ Bf7 48. Qg4+ Kf8 49. Qc8+ Be8 0-1